 Dungeon Crawl Stone Soup version 0.16.1-5-gaa23807 (webtiles) character file.

21 ImaNewbie the Magician (level 2, -1/20 HPs)
             Began as a Draconian Wizard on Mar 28, 2015.
             Slain by an adder (4 damage)
             ... on level 1 of the Dungeon.
             The game lasted 00:06:02 (975 turns).

ImaNewbie the Magician (Draconian Wizard)            Turns: 975, Time: 00:06:03

Health: -1/20      AC:  4    Str:  9    XL:     2   Next: 65%
Magic:  0/6        EV: 12    Int: 18    God:
Gold:   92         SH:  0    Dex:  9    Spells: 4 memorised, 0 levels left

rFire  . . .     SeeInvis .     (no weapon)
rCold  . . .     Clarity  .     (armour unavailable)
rNeg   . . .     SustAb   .     (no shield)
rPois  .         Gourm    .     b - +0 hat
rElec  .         Spirit   .     (no cloak)
rCorr  .         Warding  .     (no gloves)
rMut   .         Stasis   .     (no boots)
MR     .....                    (no amulet)
Stlth  +.........               (no ring)
                                (no ring)

@: lethally poisoned (-1 -> -4), very slightly contaminated, not resistant to
hostile enchantments, very unstealthy
A: unfitting armour, cold-blooded, AC +4
a: no special abilities


You were on level 1 of the Dungeon.
You were not hungry.

You visited 1 branch of the dungeon, and saw 2 of its levels.

You collected 92 gold pieces.

Inventory:

Armour
 b - a +0 hat (worn)
Jewellery
 i - an uncursed ring of see invisible {unknown}
Scrolls
 a - 2 scrolls of amnesia {unknown}
 e - 4 scrolls of teleportation {unknown}
 l - a scroll of identify {unknown}
 m - a scroll of remove curse {unknown}
 n - 3 scrolls of enchant weapon {unknown}
Potions
 g - a potion of magic {unknown}
 j - a potion of invisibility {unknown}
 k - a potion of brilliance {unknown}
Books
 c - a book of Minor Magic

   Spells                             Type                      Level
   a - Magic Dart                     Conjuration                  1
   b - Blink                          Translocation                2
   c - Call Imp                       Summoning                    2
   d - Repel Missiles                 Charms/Air                   2
   e - Slow                           Hexes                        2
   f - Conjure Flame                  Conjuration/Fire             3
   g - Mephitic Cloud                 Conjuration/Poison/Air       3
Comestibles
 d - 2 bread rations
 f - 2 meat rations
 h - 2 fruits


   Skills:
 - Level 1.7 Dodging
 - Level 1.7 Stealth
 + Level 3.3 Spellcasting
 * Level 2.2 Conjurations
 - Level 1.0 Summonings
 - Level 1.0 Translocations


You couldn't memorise any spells.
You knew the following spells:

 Your Spells              Type           Power        Failure   Level  Hunger
a - Magic Dart            Conj           ##..         8%          1    None
b - Call Imp              Summ           #.......     17%         2    ##.....
c - Slow                  Hex            #.......     28%         2    ##.....
d - Blink                 Tloc           N/A          17%         2    ##.....


Dungeon Overview and Level Annotations

Branches:
Dungeon (2/15)

Altars:
Xom

Annotations:
D:2 Jessica


Innate Abilities, Weirdness & Mutations

Your plain brown scales are hard (AC +4).
Your body does not fit into most forms of armour.
Your cold-blooded metabolism reacts poorly to cold.


Message History

Your skin tingles.
Casting: Slow
Confirm with . or Enter, or press ? or * to list all spells.
You don't have enough magic to cast that spell.
Unknown command.
You closely miss the adder.
The adder is lightly wounded.
* * * LOW HITPOINT WARNING * * *
You feel sick. The adder bites you but does no damage.
The adder closely misses you.
You miss the adder.
The adder is lightly wounded.
The adder closely misses you.
You miss the adder.
The adder is lightly wounded.
The adder barely misses you.
You hit the adder but do no damage.
The adder is lightly wounded.
The adder bites you but does no damage. The adder bites you.
You die...

...#
#..##
#..##..#
...# #.##
##.##.##
...# #.#
#.##.#
...# ##.#
#.#..#
...# #..#
#.#.##
...###.##
###.#.##
...##..#
#.>....#
####..##
#......#
#..##
#..S@..#
##.##
#......#
##..#
#..รท...#
#..##
#......#
...##
#......#
....#
########
...##
####


You could see an adder.

Vanquished Creatures
  A giant gecko (D:1)
  2 giant cockroaches (D:1)
  3 hobgoblins
  A ball python (D:2)
  5 bats
  A goblin (D:1)
  3 kobolds
  3 rats (D:1)
19 creatures vanquished.

Vanquished Creatures (collateral kills)
  A worm (D:1)
1 creature vanquished.

Grand Total: 20 creatures vanquished

Notes
Turn   | Place    | Note
--------------------------------------------------------------
     0 | D:1      | ImaNewbie, the Draconian Wizard, began the quest for the Orb.
     0 | D:1      | Reached XP level 1. HP: 14/14 MP: 4/4
   336 | D:1      | Reached XP level 2. HP: 20/20 MP: 0/6
   340 | D:1      | Learned a level 2 spell: Call Imp
   343 | D:1      | Learned a level 2 spell: Slow
   346 | D:1      | Learned a level 2 spell: Blink
   910 | D:2      | Found a shimmering altar of Xom.
   915 | D:2      | Noticed Jessica
   975 | D:1      | Slain by an adder

Action                   || total
-------------------------++-------
Melee: Unarmed           ||    18
 Cast: Magic Dart        ||    38
       Call Imp          ||     2
       Slow              ||     1
       Blink             ||     1
